 Dungeon Crawl Stone Soup version 0.31.0-32-g396128a36d (webtiles) character file.

Game seed: 427064806274818396

160 mainiacjoe the Caller (level 5, 0/31 HPs)
             Began as an Octopode Summoner on Mar 24, 2024.
             Succumbed to a scorpion's poison
             ... on level 4 of the Dungeon.
             The game lasted 00:06:59 (2536 turns).

mainiacjoe the Caller (Octopode Summoner)           Turns: 2536, Time: 00:06:59

Health: 0/31       AC:  1    Str:  7    XL:     5   Next: 41%
Magic:  6/8        EV: 13    Int: 19    God:
Gold:   201        SH:  0    Dex: 13    Spells: 2/8 levels left

rFire   . . .        a - +0 spear
rCold   . . .        (no shield)
rNeg    . . .        (helmet restricted)
rPois   .            (no amulet)
rElec   .            d - ring of wizardry
rCorr   .            (no ring)
SInv    .            (no ring)
Will    .....        (no ring)
Stlth   ++++         (no ring)
HPRegen 0.25/turn    (no ring)
MPRegen 0.11/turn    (no ring)
                     (no ring)

%: wizardry (x1)
@: brilliant, lethally poisoned (0 -> -6), inugami summoned
A: almost no armour, amphibious, 8 rings, camouflage 1, gelatinous body 1,
(nimble swimmer 1), tentacles
a: no special abilities


You were on level 4 of the Dungeon.
You visited 1 branch of the dungeon, and saw 4 of its levels.

You collected 201 gold pieces.

Inventory:

Hand Weapons
 a - a +0 spear (weapon)
 b - a +1 dagger of venom
 m - a +0 sling
 s - a +3 short sword
 v - a +1 dagger of holy wrath
Missiles
 e - 34 stones
 r - 2 boomerangs
Magical Staves
 u - a staff of fire
Jewellery
 d - a ring of wizardry (left tentacle)
Talismans
 i - a beast talisman
Wands
 t - a wand of digging (3)
Scrolls
 c - a scroll of vulnerability
 l - 4 scrolls of enchant armour
 o - a scroll of revelation
 q - a scroll of blinking
Potions
 f - a potion of attraction
 g - a potion of enlightenment {unknown}
 h - a potion of brilliance
 j - 3 potions of curing
 k - a potion of magic
 n - a potion of cancellation {unknown}
 p - a potion of invisibility {unknown}


   Skills:
 + Level 1.4 Polearms
 - Level 2.0 Dodging
 - Level 5.0 Stealth
 - Level 2.0 Spellcasting
 + Level 5.1 Summonings
 + Level 1.6 Air Magic


You had 2 spell levels left.
You knew the following spells:

 Your Spells              Type           Power      Damage    Failure   Level
a - Summon Small Mammal   Summ           100%       N/A       1%          1
b - Call Imp              Summ           64%        N/A       1%          2
c - Call Canine Familiar  Summ           32%        N/A       2%          3

Your spell library contained the following spells:

 Spells                   Type           Power      Damage    Failure   Level
 Magic Dart               Conj           8%         1d3       7%          1
 Blink                    Tloc           4%         N/A       11%         2
 Scorch                   Fire           4%         2d5       11%         2
 Summon Lightning Spire   Summ/Air       22%        N/A       16%         4
 Gell's Gravitas          Tloc           2%         N/A       21%         3
 Teleport Other           Tloc           2%         N/A       21%         3
 Summon Blazeheart Golem  Fire/Summ      17%        N/A       24%         4
 Flame Wave               Conj/Fire      2%         2d4       52%         4
 Summon Cactus Giant      Summ           16%        N/A       75%         6
 Dispersal                Tloc           1%         N/A       100%        6


Dungeon Overview and Level Annotations

Branches:
Dungeon (4/15)
 Temple: D:4-7

Altars:

Shops:
D:3 [


Innate Abilities, Weirdness & Mutations

You cannot wear most types of armour.
You are amphibious.
You can wear up to eight rings at the same time.
Your skin changes colour to match your surroundings (Stealth+).
Your rubbery body absorbs attacks. (AC +1, EV +1)
((You are camouflaged when in or above water. (Stealth+)))
You have tentacles for arms and can constrict up to eight enemies at once.


Message History

Magic restored.
You swap places.
e - 31 stones (gained 2)
e - 34 stones (gained 3)
A scorpion comes into view.
An iguana comes into view.
Casting: Call Imp (safe; 1% risk of failure)
Confirm with . or Enter, or press ? or * to list all spells.
A tiny devil pulls itself out of the air.
You swap places.
Your cerulean imp hits the scorpion with a -2 spear.
You swap places.
Your cerulean imp hits the scorpion with a -2 spear.
You hit the scorpion but do no damage. Your grab misses the scorpion.
Your tentacle-slap misses the scorpion.
The scorpion is moderately wounded.
The scorpion misses you. The iguana bites your cerulean imp!
Your cerulean imp hits the iguana but does no damage.
You barely miss the scorpion. Your grab misses the scorpion.
The scorpion is moderately wounded.
The scorpion closely misses you.
Your cerulean imp misses the iguana.
Your inugami hits the iguana. The iguana bites your cerulean imp!
Your cerulean imp dies!
Your cerulean imp disappears in a puff of smoke!
You closely miss the scorpion. You grab the scorpion.
The scorpion is moderately wounded.
You constrict the scorpion. The scorpion closely misses you.
Your inugami hits the iguana. The scorpion stings you.
You are poisoned.
The scorpion poisons you!
You barely miss the iguana. Your grab misses the iguana.
The iguana is moderately wounded.
You constrict the scorpion.
You feel sick. The scorpion stings you!
Your inugami hits the iguana. The iguana bites you!
* * * LOW HITPOINT WARNING * * *
You are too injured to fight recklessly!
Unknown command.
You feel clever all of a sudden.
You constrict the scorpion, but do no damage.
You die...

#.# .# ##.##........#
..########..##........#
.............##........#
.......................#
.............##........#
.............##..h.....#
............##..l.....#
............##.@s.....#
.##.##.#.#####..########
.....#...# #..##
##...##..# #.##
.........# #.#
.........# #.#
..##.#.#.####.# #
#......##..#
###........####


You could see a scorpion, an iguana (ally target) and a friendly inugami
(summoned).

Vanquished Creatures
  2 adders (D:2)
  3 orcs (D:3)
  6 bats
  3 endoplasms
  2 giant cockroaches
  6 goblins
  A hobgoblin (D:2)
  A jackal (D:1)
  3 quokkas
  4 ball pythons
  7 kobolds
  8 rats
46 creatures vanquished.

Vanquished Creatures (collateral kills)
  A scorpion (D:3)
  2 adders
  An orc (D:3)
  4 endoplasms
  A goblin (D:1)
  3 jackals (D:1)
  2 bats
  A kobold (D:4)
  A rat (D:1)
16 creatures vanquished.

Grand Total: 62 creatures vanquished

Notes
Turn   | Place    | Note
-------+----------+-------------------------------------------
     0 | D:1      | mainiacjoe the Octopode Summoner began the quest for the
                  | Orb.
     0 | D:1      | Reached XP level 1. HP: 11/11 MP: 3/3
    38 | D:1      | Reached XP level 2. HP: 15/17 MP: 3/5
    41 | D:1      | Learned a level 2 spell: Call Imp
   436 | D:1      | Found a faded altar of an unknown god.
   588 | D:1      | Reached XP level 3. HP: 9/21 MP: 1/6
   599 | D:1      | Learned a level 3 spell: Call Canine Familiar
  1166 | D:2      | Reached XP level 4. HP: 23/27 MP: 3/7
  1735 | D:3      | Noticed a scorpion
  1770 | D:3      | Killed a scorpion
  1771 | D:3      | Reached skill level 1 in Polearms
  1771 | D:3      | Reached skill level 5 in Stealth
  1771 | D:3      | Reached skill level 5 in Summonings
  1771 | D:3      | Reached skill level 1 in Air Magic
  1771 | D:3      | Reached XP level 5. HP: 30/31 MP: 3/8
  2158 | D:3      | Found Jirgheputz's Antique Armour Shoppe.
  2536 | D:4      | Succumbed to a scorpion's poison

Illustrated notes

Levels and vault maps discovered:
D:1:      dpeg_arrival_line_fractal, layout_rooms,
          shapermc_ecumenical_altar_pompeii
D:2:      layout_loops_ring
D:3:      kb_forest_paths, layout_basic, serial_shops, nicolae_shop_peninsula
D:4:      layout_rooms, serial_shops, nicolae_shop_tiny_real_fake_doors,
          serial_library_hellmonk_h_bend, minivault_14, uniq_eustachio,
          uniq_pikel, uniq_edmund, uniq_sigmund, uniq_natasha

Skill      XL: |  1  2  3  4 |
---------------+-------------+-----
Stealth        | 3 4 5 |  5.0
Polearms       | 1 |  1.4
Summonings     | 5 |  5.1
Air Magic      | 1 |  1.6
Dodging        | |  2.0
Spellcasting   | |  2.0

Action                     |  1- 3 |  4- 6 || total
---------------------------+-------+-------++-------
  Melee: Spear             |    70 |    45 ||   115
         Constrict         |    17 |     7 ||    24
         Tentacles         |    14 |     3 ||    17
         Dagger            |     2 |     1 ||     3
         Punch             |       |     2 ||     2
   Cast: Summon Small Mamm |    10 |     2 ||    12
         Call Imp          |     7 |     5 ||    12
         Call Canine Famil |     1 |     6 ||     7
    Use: Scroll            |     7 |     3 ||    10
         Potion            |       |     1 ||     1
   Stab: Sleeping          |     8 |     5 ||    13
         Distracted        |       |     2 ||     2
 Armour: Skin              |    28 |     9 ||    37
  Dodge: Dodged            |    30 |    15 ||    45
